 Dungeon Crawl Stone Soup version 0.20.0-4-g10b340a (webtiles) character file.

510 CosmicAfro the Cudgeler (level 7, -5/41 HPs)
             Began as a Gargoyle Fighter on May 27, 2017.
             Was a Follower of Okawaru.
             Slain by an orc warrior
             ... wielding a +0 mace
              (8 damage)
             ... on level 5 of the Dungeon.
             The game lasted 00:08:21 (2773 turns).

CosmicAfro the Cudgeler (Gargoyle Fighter)          Turns: 2773, Time: 00:08:22

Health: -5/41      AC: 15    Str: 21    XL:     7   Next: 19%
Magic:  7/7        EV:  7    Int:  8    God:    Okawaru [*.....]
Gold:   239        SH:  9    Dex: 15    Spells: 6/6 levels left

rFire    . . .     SeeInvis .   D - +2 flail (holy)
rCold    . . .     Gourm    .   c - +0 shield
rNeg     + . .     Faith    .   b - +0 scale mail
rPois    ∞         Spirit   .   x - +0 helmet
rElec    +         Reflect  .   F - +0 cloak
rCorr    .         Harm     .   (no gloves)
MR       .....                  u - +0 pair of boots
Stlth    ..........             H - amulet of regeneration
Regen    0.6/turn               y - +5 ring of dexterity
MPRegen  0.1/turn               s - ring of poison resistance

@: no status effects
A: negative energy resistance 1, electricity resistance, unbreathing,
petrification resistance, rot immunity, AC +4
a: Heroism, Renounce Religion


You were on level 5 of the Dungeon.
You worshipped Okawaru.
Okawaru was aware of your devotion.
You were not hungry.

You visited 1 branch of the dungeon, and saw 5 of its levels.

You collected 239 gold pieces.

Inventory:

Hand Weapons
 D - a +2 flail of holy wrath (weapon)
Armour
 b - a +0 scale mail (worn)
 c - a +0 shield (worn)
 u - a +0 pair of boots (worn)
 x - a +0 helmet (worn)
 F - a +0 cloak (worn)
Jewellery
 s - a ring of poison resistance (right hand)
 y - a +5 ring of dexterity (left hand)
 H - an amulet of regeneration (around neck)
Wands
 G - a wand of lightning (6/15)
Scrolls
 e - 2 scrolls of amnesia {unknown}
 i - a scroll of teleportation {unknown}
 j - a scroll of enchant armour {unknown}
 p - a scroll of noise {unknown}
 q - a scroll of blinking {unknown}
 r - 2 scrolls of recharging {unknown}
 t - 2 scrolls of enchant weapon {unknown}
 v - a scroll of fear {unknown}
 w - 3 scrolls of identify {unknown}
 A - 3 scrolls of magic mapping {unknown}
 J - 2 scrolls of remove curse {unknown}
Potions
 a - a potion of lignification {unknown}
 d - 2 potions of might
 g - 2 potions of curing {unknown}
 h - 2 potions of magic {unknown}
 k - 2 potions of heal wounds {unknown}
 m - a potion of agility {unknown}
 n - a potion of cancellation {unknown}
 o - 2 potions of invisibility {unknown}
 z - a potion of resistance {unknown}
 C - 2 potions of haste {unknown}
Comestibles
 f - 4 bread rations
 l - 2 royal jellies
 B - a meat ration
 E - 5 fruits


   Skills:
 - Level 3.2 Fighting
 + Level 7.6 Maces & Flails
 - Level 3.2 Armour
 - Level 3.2 Shields


You had 6 spell levels left.
You didn't know any spells.

Dungeon Overview and Level Annotations

Branches:
Dungeon (5/15)
 Temple: D:4-7

Altars:
Okawaru


Innate Abilities, Weirdness & Mutations

You are resistant to torment.
Your stone body is resilient. (AC +4)
You are immune to poison.
You resist negative energy. (rN+)
You are resistant to electric shocks. (rElec)
You can survive without breathing.
You are immune to petrification.
You are immune to rotting.


Message History

You hit the orc priest.
The orc priest is lightly wounded.
The orc hits you but does no damage.
The orc priest looks satisfied for a moment.
The orc warrior hits you with a mace!
You sock the orc priest!
The orc priest is severely wounded.
The orc hits you but does no damage. You block the orc priest's attack.
The orc warrior hits you with a mace!
* * * LOW HITPOINT WARNING * * *
The orc priest looks braver for a moment.
The orc priest mumbles some strange prayers to Beogh against you.
Beogh smites you!
* * * LOW HITPOINT WARNING * * *
The orc priest looks satisfied for a moment.
You hit the orc priest.
You kill the orc priest!
Okawaru accepts your kill. The orc warrior hits you with a mace!
You die...

..#.##.# ######
#.#.##.# #.....
#.#.##.####.....
#.#.##[.........
#...............
#...............
#+#+###
#.....#####....†
.......####.....#
###'##
.......'.@o.....#
#.#
.......#####....#
#.#
......oo..o.....#
#.#
.......#############
#.# ......?
#.......# #.#
.......
#.......####.##
<......
#.............#
.......
#....[......<.#
.......
#.............#


You could see an orc warrior.

Vanquished Creatures
  An ogre (D:4)
  A phantom (D:4)
  2 hounds (D:4)
  An orc priest (D:5)
  A bullfrog skeleton (D:4)
  Jessica (D:2)
  A hound skeleton (D:3)
  3 gnolls (D:4)
  4 adders
  An ooze (D:2)
  An adder skeleton (D:4)
  7 worms
  A dart slug (D:2)
  2 leopard geckos
  4 orcs
  13 bats
  4 giant cockroaches
  6 hobgoblins
  14 jackals
  A quokka (D:2)
  3 ball pythons
  4 frilled lizards
  9 kobolds
  A leopard gecko skeleton (D:4)
  8 rats
94 creatures vanquished.

Notes
Turn   | Place    | Note
-------+----------+-------------------------------------------
     0 | D:1      | CosmicAfro the Gargoyle Fighter began the quest for the Orb.
     0 | D:1      | Reached XP level 1. HP: 14/14 MP: 1/1
    96 | D:1      | Reached XP level 2. HP: 17/19 MP: 2/2
   185 | D:1      | Reached skill level 3 in Maces & Flails
   402 | D:1      | Reached XP level 3. HP: 19/23 MP: 3/3
   897 | D:2      | Reached skill level 4 in Maces & Flails
  1059 | D:2      | Reached XP level 4. HP: 28/28 MP: 4/4
  1178 | D:2      | Noticed Jessica
  1193 | D:2      | Killed Jessica
  1573 | D:3      | Reached skill level 5 in Maces & Flails
  1573 | D:3      | Reached XP level 5. HP: 31/32 MP: 5/5
  1661 | D:3      | Found an iron altar of Okawaru.
  1678 | D:3      | Became a worshipper of Warmaster Okawaru
  2096 | D:4      | Noticed a phantom
  2118 | D:4      | Killed a phantom
  2118 | D:4      | Reached skill level 6 in Maces & Flails
  2155 | D:4      | Reached XP level 6. HP: 28/37 MP: 6/6
  2481 | D:4      | Reached * piety under Okawaru
  2512 | D:4      | Reached skill level 7 in Maces & Flails
  2512 | D:4      | Reached XP level 7. HP: 35/41 MP: 7/7
  2649 | D:5      | Entered Level 5 of the Dungeon
  2770 | D:5      | HP: 2/41 [orc priest/divine providence (7)]
  2773 | D:5      | Slain by an orc warrior

Skill      XL: |  1  2  3  4  5  6 |
---------------+-------------------+-----
Maces & Flails | 3 4 5 6 7 |  7.6
Fighting       | |  3.2
Armour         | |  3.2
Shields        | |  3.2

Action                   |  1- 3 |  4- 6 |  7- 9 || total
-------------------------+-------+-------+-------++-------
Melee: Flail             |   160 |   185 |    19 ||   364
  Eat: Chunk             |       |     6 |     1 ||     7
Armor: Scale mail        |   110 |   120 |    11 ||   241
Dodge: Dodged            |    54 |    58 |     5 ||   117
Block: Shield            |   109 |    99 |     6 ||   214
